 Dungeon Crawl Stone Soup version 0.27-a0-1334-g2746e35aca (webtiles) character file.

Game seed: 2853890256104041891

2178 dickylongcocking the Skirmisher (level 9, -6/68 HPs)
             Began as a Djinni Hedge Wizard on June 27, 2021.
             Mangled by an ogre (22 damage)
             ... on level 7 of the Dungeon.
             The game lasted 00:12:04 (13096 turns).

dickylongcocking the Skirmisher (DjWz)             Turns: 13096, Time: 00:12:05

Health: -6/68      AC:  4    Str: 15    XL:     9   Next: 58%
Gold:   288        EV: 13    Int: 20    God:
                   SH:  0    Dex: 12

rFire    + + +     SeeInvis .   a - +0 dagger
rCold    x . .     Faith    .   (no shield)
rNeg     . . .     Spirit   .   h - +0 leather armour
rPois    ∞         Reflect  .   e - +0 helmet
rElec    .         Harm     .   (no cloak)
rCorr    .         Rampage  .   (no gloves)
Will     .....                  (boots unavailable)
Stlth    ++........             (no amulet)
HPRegen  0.21/turn              t - ring of protection from fire
MPRegen  0.00/turn              C - +6 ring of strength

@: flying
A: sickness immunity, fire resistance 2, cold vulnerability 1, float, innate
caster, hp casting, extra vitality 1
a: no special abilities


You were on level 7 of the Dungeon.
You visited 2 branches of the dungeon, and saw 8 of its levels.

You collected 288 gold pieces.

Inventory:

Hand Weapons
 a - a +0 dagger (weapon)
 n - a +0 long sword
Missiles
 d - 7 atropa-tipped darts
Armour
 b - a +0 robe
 c - a +0 hat
 e - a +0 helmet (worn)
 h - a +0 leather armour (worn)
Jewellery
 t - a ring of protection from fire (left hand)
 u - a ring of willpower
 C - a +6 ring of strength (right hand)
Wands
 v - a wand of paralysis (1)
 y - a wand of acid (5)
Scrolls
 f - 4 scrolls of teleportation {unknown}
 g - 4 scrolls of magic mapping {unknown}
 j - 2 scrolls of blinking {unknown}
 l - a scroll of fog {unknown}
 m - 2 scrolls of enchant weapon {unknown}
 o - 2 scrolls of vulnerability {unknown}
 r - 4 scrolls of identify {unknown}
 s - a scroll of amnesia {unknown}
 w - a scroll of enchant armour {unknown}
 B - a scroll of immolation {unknown}
Potions
 i - 2 potions of mutation {unknown}
 k - 3 potions of flight
 p - 2 potions of resistance {unknown}
 q - a potion of magic {unknown}
 x - a potion of ambrosia {unknown}
 z - a potion of heal wounds
 A - 4 potions of curing


   Skills:
 * Level 7.1 Fighting
 * Level 4.0 Armour
 * Level 5.2 Dodging
 - Level 1.6 Stealth
 * Level 6.2 Spellcasting


You couldn't memorise any spells.
You knew the following spells:

 Your Spells              Type           Power      Damage    Failure   Level
a - Magic Dart            Conj           100%       1d8       1%          1
b - Blink                 Tloc           N/A        N/A       1%          2
c - Call Imp              Summ           31%        N/A       1%          2
d - Slow                  Hex            31%        N/A       1%          2
e - Conjure Flame         Conj/Fire      31%        6-21      3%          3
f - Sticky Flame          Conj/Fire      31%        2d5       10%         4
g - Animate Skeleton      Necr           62%        N/A       1%          1
h - Corpse Rot            Necr/Air       N/A        N/A       1%          2
i - Confusing Touch       Hex            31%        N/A       3%          3
x - Mephitic Cloud        Conj/Pois/Air  31%        N/A       3%          3
Your spell library was empty.

Dungeon Overview and Level Annotations

Branches:
Dungeon (7/15)             Temple (1/1) D:4

Altars:
Ashenzari
Elyvilon
Fedhas
Kikubaaqudgha
Qazlal
Ru
Trog
Uskayaw
Vehumet
Wu Jian
Xom
Yredelemnul

Shops:
D:1 =


Innate Abilities, Weirdness & Mutations

You are immune to sickness and miasma.
You are immune to poison.
Your flesh is very heat resistant. (rF++)
You are vulnerable to cold. (rC-)
You float through the air rather than walking.
You learn spells naturally, not from books.
Your magical power is your life essence.
You have superior vitality. (+4 HP)


Message History

Confirm with . or Enter, or press ? or * to list all spells.
Aiming: Magic Dart (safe; 1% risk of failure)
Press: ? - help, Shift-Dir - straight line, f/p - bullfrog
Aim: a bullfrog (severely wounded, confused, 100% to hit)
The magic dart hits the bullfrog.
The bullfrog is severely wounded.
* * * LOW HITPOINT WARNING * * *
Unknown command.
Unknown command.
Okay, then.
You hit the bullfrog.
The bullfrog is almost dead.
The bullfrog hits you.
* * * LOW HITPOINT WARNING * * *
The bullfrog hits you.
* * * LOW HITPOINT WARNING * * *
Unknown command.
Casting: Magic Dart (safe; 1% risk of failure)
Confirm with . or Enter, or press ? or * to list all spells.
Aiming: Magic Dart (safe; 1% risk of failure)
Press: ? - help, Shift-Dir - straight line, f/p - bullfrog
Aim: a bullfrog (almost dead, confused, 100% to hit)
The magic dart hits the bullfrog.
You kill the bullfrog!
* * * LOW HITPOINT WARNING * * *
Your Armour skill increases to level 4!
Unknown command.
Unknown command.
Unknown command.
Unknown command.
You start resting.
An iguana comes into view.
An iguana is nearby!
An iguana is nearby!
An iguana is nearby!
An ogre comes into view. It is wielding a +0 giant spiked club.
The ogre shouts!
The ogre closely misses you.
The ogre hits you with a +0 giant spiked club!!
You die...

#.......... #..........
## #..>....... ##.#
#.......... ##...#
#.......... ##.....##
##......... #.......#
#..........
#.......######..........
#......@................
##.....O######..l.......
...$....# #..........
......... ............
........# #####........
........# ..#####..
......#.. #.## ..
......### .. .


You could see an ogre.

Vanquished Creatures
  Pikel (D:6)
  Grinder (D:5)
  An ogre (D:3)
  A black bear (D:6)
  A lemure (D:6)
  A bullfrog (D:7)
  A scorpion (D:5)
  6 howler monkeys
  A centaur zombie (D:5)
  A jelly (D:7)
  2 hounds
  2 bullfrog skeletons (D:5)
  2 orc priests (D:5)
  5 gnoll shamans
  A centaur skeleton (D:5)
  Natasha (thrice) (D:3)
  11 gnolls
  4 adders
  An ufetubus (D:6)
  2 adder skeletons
  A dart slug (D:1)
  20 orcs
  4 ball pythons
  5 bats
  4 endoplasms
  4 giant cockroaches
  7 goblins
  5 hobgoblins
  16 jackals
  2 quokkas
  3 frilled lizards (D:1)
  4 rats
123 creatures vanquished.

Vanquished Creatures (collateral kills)
  Eustachio (D:4)
  2 ogres
  A scorpion (D:4)
  A water moccasin skeleton (D:6)
  A hound (D:5)
  A jelly (D:6)
  A centaur skeleton (D:6)
  5 iguanas
  A hound skeleton (D:4)
  6 gnolls (D:3)
  A howler monkey skeleton (D:6)
  3 adders
  4 orcs
  2 giant cockroaches
  2 goblins
  A jackal (D:3)
  A kobold (D:3)
  3 quokkas
  A ball python (D:4)
  A frilled lizard (D:3)
39 creatures vanquished.

Vanquished Creatures (others)
  An orc (D:5)
  3 plants (D:3)
4 creatures vanquished.

Grand Total: 166 creatures vanquished

Notes
Turn   | Place    | Note
-------+----------+-------------------------------------------
     0 | D:1      | dickylongcocking the Djinni Hedge Wizard began the quest
                  | for the Orb.
     0 | D:1      | Reached XP level 1. HP: 15/15 MP: 0/0
   836 | D:1      | Reached XP level 2. HP: 17/21 MP: 0/0
  1147 | D:1      | Found a faded altar of an unknown god.
  1558 | D:1      | Reached XP level 3. HP: 16/26 MP: 0/0
  1558 | D:1      | Learned a level 1 spell: Animate Skeleton
  1698 | D:1      | Found Plog's Jewellery Shoppe.
  1932 | D:1      | Reached skill level 1 in Fighting
  2047 | D:2      | Found a white marble altar of Elyvilon.
  3200 | D:3      | Reached XP level 4. HP: 24/32 MP: 0/0
  3719 | D:3      | Noticed an ogre
  3756 | D:3      | Killed an ogre
  3757 | D:3      | Reached skill level 2 in Fighting
  4169 | D:3      | Reached XP level 5. HP: 23/39 MP: 0/0
  4169 | D:3      | Learned a level 2 spell: Corpse Rot
  4711 | D:3      | Noticed an ogre
  4729 | D:3      | Killed an ogre
  4730 | D:3      | Reached skill level 3 in Fighting
  4730 | D:3      | Reached XP level 6. HP: 27/46 MP: 0/0
  5195 | D:3      | Reached skill level 4 in Fighting
  5222 | D:3      | Reached XP level 7. HP: 14/52 MP: 0/0
  5222 | D:3      | Learned a level 3 spell: Confusing Touch
  5797 | D:3      | Noticed Natasha
  6041 | D:3      | Killed Natasha
  6062 | D:3      | Noticed Natasha
  6068 | D:3      | Killed Natasha
  6070 | D:3      | Reached skill level 5 in Fighting
  6409 | D:3      | Reached skill level 5 in Spellcasting
  6416 | D:3      | Noticed Natasha
  6427 | D:3      | Killed Natasha
  6428 | D:3      | Reached XP level 8. HP: 34/59 MP: 0/0
  7147 | D:4      | Found a staircase to the Ecumenical Temple.
  7159 | Temple   | Entered the Ecumenical Temple
  8610 | D:4      | Reached skill level 1 in Armour
  8758 | D:4      | Noticed Eustachio
  8784 | D:4      | Killed Eustachio
  9062 | D:5      | Entered Level 5 of the Dungeon
  9110 | D:5      | Reached skill level 6 in Fighting
  9127 | D:5      | Noticed Grinder
  9535 | D:5      | Killed Grinder
  9833 | D:5      | Reached XP level 9. HP: 22/67 MP: 0/0
  9833 | D:5      | Learned a level 4 spell: Sticky Flame
  9847 | D:5      | HP: 1/67 [orc priest/divine providence (17)]
 11092 | D:6      | Noticed Pikel
 11098 | D:6      | Killed Pikel
 12190 | D:6      | Found a blossoming altar of Fedhas.
 12387 | D:6      | Reached skill level 5 in Dodging
 12475 | D:6      | Reached skill level 7 in Fighting
 13096 | D:7      | Mangled by an ogre

Illustrated notes

Levels and vault maps discovered:
D:1:      scummos_arrival_simple_crosswalls, layout_loops_corners, serial_shops,
          shop, ebering_ecumenical_altar_rust
D:2:      layout_basic, basic_altar
D:3:      lemuel_castle_with_subvaults [lemuel_castle_interior_carwin_2],
          layout_basic, uniq_natasha
D:4:      layout_loops_corners, minmay_temple_entry_statues_fountains,
          uniq_eustachio
D:5:      layout_basic, minivault_26, uniq_grinder
D:6:      black_bear_nest_1, layout_layer_cave, lemuel_round_altar,
          nicolae_vehumet_radiance, chequers_avenue, uniq_pikel
D:7:      layout_rooms
Temple:   nicolae_temple_figure_zero

Skill      XL: |  1  2  3  4  5  6  7  8  9 |
---------------+----------------------------+-----
Spellcasting   | 3 4 5 6 |  6.2
Fighting       | 1 2 3 4 5 6 7 |  7.1
Armour         | 2 4 |  4.0
Dodging        | 3 5 |  5.2
Stealth        | |  1.6

Action                   |  1- 3 |  4- 6 |  7- 9 || total
-------------------------+-------+-------+-------++-------
Melee: Dagger            |     4 |    22 |   220 ||   246
       Long sword        |       |       |    60 ||    60
 Cast: Magic Dart        |    86 |     8 |    39 ||   133
       Call Imp          |       |    23 |    71 ||    94
       Blink             |       |     1 |     1 ||     2
       Mephitic Cloud    |       |    29 |    52 ||    81
       Confusing Touch   |       |       |     6 ||     6
       Corpse Rot        |       |       |     3 ||     3
       Conjure Flame     |       |       |     2 ||     2
Evoke: Wand              |       |       |     5 ||     5
  Use: Potion            |       |       |     8 ||     8
 Stab: Confused          |       |     2 |    13 ||    15
       Paralysed         |       |       |     8 ||     8
Armor: Leather armour    |     5 |    27 |    72 ||   104
       Robe              |     1 |       |       ||     1
Dodge: Dodged            |    18 |    43 |   224 ||   285
       Rpst.: Long sword |       |       |    17 ||    17

Table legend: (Time is in decaauts)
 A = Elapsed time spent in this place.
 B = Non-inter-level travel time spent in this place.
 C = Inter-level travel time spent in this place.
 D = Time resting spent in this place.
 E = Time spent auto-exploring this place.
 F = Levels seen in this place.
 G = Mean time per level.
                   A        B        C        D        E       F      G
               +--------+--------+--------+--------+--------+-----+--------+
         Total |  13118 |  12924 |    194 |   2580 |   8733 |   8 | 1639.8 |
       Dungeon |  12960 |  12766 |    194 |   2580 |   8589 |   7 | 1851.4 |
        Temple |    158 |    158 |      0 |      0 |    144 |   1 |  158.0 |
               +--------+--------+--------+--------+--------+-----+--------+

Top non-repeatable levels by time:
     D:3: 3647 daAuts
     D:4: 2173 daAuts
     D:6: 2123 daAuts
     D:1: 2046 daAuts
     D:5: 1472 daAuts
     D:2: 1432 daAuts
  Temple: 158 daAuts
     D:7: 64 daAuts
